Map: Dreamcatcher LE

Players

LiquidTLO (TLO) - Winner!

  • Race: Zerg Zerg
  • Spawn Location: 5:00

PiLiPiLi

  • Race: Protoss Protoss
  • Spawn Location: 11:00

Event: WCS Austin 2018

VOD

Have the link to the VOD?

Description

Time

  • Played on: June 1, 2018, 2:39 p.m.
  • Length: 9:02

All games in this series

Show
View Real Time Build Order
Export as new Build Order

LiquidTLO Zerg - Winner!

Build Orders: Hatch First 

Get SALT Encoding   

  12  0:00  Drone  
  13  0:08  Drone  
  14  0:17  Overlord  
  14  0:35  Drone x2  
  16  0:48  Hatchery  
  15  0:51  Drone  
  15  0:55  Drone  
  17  0:58  Drone  
  18  1:05  Extractor  
  17  1:14  Spawning Pool  
  17  1:17  Drone  
  17  1:20  Drone  
  18  1:29  Drone  
  19  1:41  Drone  
  20  1:51  Drone  
  21  2:02  Overlord, Queen x2  
  21  2:03  Zergling x2  
  21  2:07  Metabolic Boost  
  26  2:11  Drone  
  26  2:15  Drone  
  28  2:22  Drone  
  29  2:25  Drone  
  30  2:38  Queen  
  32  2:45  Hatchery, Zergling x2  
  32  2:47  Zergling x2  
  33  2:51  Overlord  
  33  2:56  Zergling x4  
  34  3:06  Drone  
  34  3:08  Drone  
  34  3:09  Overlord  
  35  3:13  Drone x3  
  35  3:17  Drone  
  37  3:22  Drone  
  37  3:23  Spore Crawler  
  37  3:30  Drone  
  37  3:31  Drone  
  39  3:37  Drone  
  39  3:39  Queen  
  39  3:41  Overlord  
  42  3:46  Drone  
  42  3:47  Drone  
  42  3:48  Spore Crawler  
  43  3:52  Drone  
  43  3:54  Pneumatized Carapace  
  44  3:57  Drone x2  
  44  3:58  Drone  
  44  4:00  Drone  
  44  4:01  Drone  
  49  4:03  Drone  
  49  4:05  Drone  
  49  4:08  Drone  
  52  4:10  Drone  
  52  4:11  Drone  
  54  4:19  Drone  
  54  4:21  Overlord  
  54  4:22  Drone  
  54  4:23  Drone  
  57  4:24  Drone  
  57  4:27  Drone  
  57  4:30  Roach Warren  
  58  4:31  Drone x2  
  58  4:37  Zergling x2  
  58  4:38  Baneling Nest, Zergling x2, Drone, Extractor  
  60  4:40  Drone  
  60  4:41  Zergling x2  
  60  4:42  Zergling x2  
  64  4:46  Zergling x2  
  64  4:47  Drone  
  64  4:48  Drone  
  64  4:50  Zergling x2  
  64  4:51  Extractor  
  67  4:57  Overlord  
  66  5:01  Overlord  
  66  5:03  Overlord  
  66  5:04  Zergling x2  
  66  5:06  Overlord  
  67  5:10  Overlord  
  67  5:11  Overlord  
  67  5:15  Overlord  
  67  5:16  Zergling x6  
  67  5:18  Zergling x6  
  67  5:21  Roach  
  75  5:23  Baneling x2  
  75  5:24  Zergling x2  
  75  5:25  Drone  
  75  5:28  Drone  
  77  5:29  Lair  
  77  5:31  Drone  
  77  5:32  Drone x2  
  77  5:34  Drone  
  80  5:36  Roach  
  80  5:37  Baneling x4  
  80  5:38  Drone  
  80  5:40  Extractor  
  82  5:43  Drone x4  
  82  5:44  Evolution Chamber, Extractor  
  82  5:48  Drone  
  85  5:51  Roach  
  85  5:52  Roach  
  85  5:53  Roach  
  85  5:55  Drone  
  85  5:57  Drone x2  
  94  5:58  Roach  
  94  5:59  Roach  
  94  6:00  Zergling x2  
  99  6:07  Roach  
  99  6:10  Roach  
  101  6:13  Hatchery  
  101  6:15  Zerg Missile Weapons Level 1  
  101  6:16  Drone  
  103  6:18  Roach  
  103  6:19  Roach  
  103  6:21  Drone  
  103  6:22  Drone  
  103  6:24  Drone  
  108  6:28  Drone  
  108  6:30  Drone  
  108  6:31  Drone  
  108  6:36  Spore Crawler  
  108  6:38  Roach  
  108  6:39  Glial Reconstitution, Spine Crawler  
  108  6:43  Roach, Overseer  
  108  6:44  Roach  
  112  6:47  Roach  
  112  6:48  Overlord  
  112  6:49  Roach  
  112  6:52  Zergling x8  
  120  7:01  Overlord  
  120  7:02  Overlord x2  
  120  7:07  Baneling x2  
  120  7:10  Roach  
  120  7:12  Roach  
  120  7:13  Roach  
  120  7:14  Spore Crawler, Roach x2  
  129  7:19  Overlord  
  129  7:20  Overlord  
  129  7:21  Drone  
  129  7:22  Drone x2, Ravager x2  
  134  7:23  Ravager x3  
  134  7:24  Overlord  
  134  7:25  Drone  
  134  7:26  Drone  
  134  7:29  Roach  
  143  7:30  Roach  
  143  7:31  Roach  
  143  7:33  Drone  
  146  7:37  Spine Crawler  
  146  7:39  Roach x2  
  146  7:40  Ravager x3  
  152  7:44  Overseer  
  152  7:46  Roach  
  152  7:47  Roach  
  152  7:51  Roach  
  150  7:52  Roach  
  150  7:53  Roach  
  150  7:55  Roach  
  144  8:01  Roach  
  144  8:02  Roach  
  144  8:04  Roach  
  134  8:06  Roach, Zergling x2  
  134  8:07  Zergling x2  
  134  8:09  Zergling x6  
  134  8:10  Roach  
  134  8:11  Zergling x2  
  134  8:12  Roach x2, Queen x2  
  132  8:14  Roach  
  132  8:16  Roach, Zergling x2  
  132  8:17  Ravager, Queen  
  132  8:19  Roach  
  140  8:20  Zergling x2  
  140  8:21  Zergling x2  
  140  8:22  Zergling x2  
  140  8:26  Zergling x2  
  144  8:28  Zergling x2  
  144  8:30  Zergling x4  
  147  8:34  Zergling x2  
  147  8:37  Overlord  
  147  8:39  Zergling x2  
  147  8:40  Roach, Zergling x4  
  153  8:43  Zergling x2  
  153  8:45  Zergling x2  
Show
View Real Time Build Order
Export as new Build Order

PiLiPiLi Protoss 

Build Orders:  

Get SALT Encoding   

  12  0:01  Probe  
  13  0:13  Probe  
  14  0:20  Pylon  
  14  0:25  Probe  
  15  0:34  Probe  
  15  0:38  Gateway  
  16  0:42  Probe  
  17  0:50  Assimilator  
  17  0:52  Probe  
  18  1:04  Probe  
  18  1:06  Gateway  
  19  1:16  Probe  
  20  1:25  Cybernetics Core  
  20  1:28  Probe  
  21  1:49  Nexus  
  21  1:55  Pylon  
  21  2:04  Adept  
  21  2:06  Adept  
  23  2:12  Warp Gate  
  23  2:13  Probe  
  26  2:21  Assimilator  
  26  2:25  Probe  
  27  2:32  Stalker  
  29  2:38  Probe  
  29  2:40  Pylon  
  30  2:48  Probe  
  31  2:52  Twilight Council  
  31  2:56  Probe  
  32  3:14  Adept  
  32  3:16  Adept  
  30  3:22  Resonating Glaives, Probe  
  30  3:24  Probe  
  34  3:28  Pylon  
  34  3:34  Shield Battery, Probe  
  35  3:36  Gateway  
  35  3:38  Probe  
  35  3:46  Probe  
  36  3:50  Probe  
  37  3:58  Probe  
  39  4:02  Probe  
  39  4:03  Robotics Facility  
  39  4:10  Probe  
  39  4:14  Probe  
  41  4:19  Adept  
  41  4:20  Adept  
  41  4:22  Probe  
  46  4:27  Probe  
  47  4:33  Adept  
  47  4:34  Probe  
  50  4:39  Assimilator, Probe  
  50  4:40  Pylon  
  50  4:44  Warp Prism  
  51  4:46  Probe  
  51  4:50  Adept x2  
  51  4:51  Probe  
  57  4:58  Probe  
  60  5:03  Pylon  
  60  5:10  Nexus  
  60  5:13  Probe x2  
  62  5:15  Sentry  
  62  5:17  Sentry  
  66  5:25  Probe x2  
  68  5:32  Nexus  
  68  5:35  Shield Battery  
  68  5:37  Probe x2, Pylon  
  70  5:44  Adept x2  
  70  5:45  Adept  
  70  5:47  Immortal  
  70  5:48  Gateway  
  70  5:49  Gateway  
  80  6:16  Immortal  
  80  6:18  Gateway  
  80  6:19  Gateway, Probe  
  80  6:23  Gateway  
  81  6:31  Probe  
  86  6:39  Pylon  
  86  6:44  Probe x2  
  88  6:47  Sentry x3  
  88  6:48  Immortal  
  88  6:49  Probe  
  95  6:56  Probe x2  
  95  7:01  Sentry x2  
  105  7:02  Probe  
  105  7:05  Pylon  
  105  7:07  Pylon  
  106  7:09  Pylon  
  106  7:19  Stalker  
  106  7:21  Probe  
  109  7:26  Stalker  
  109  7:27  Stalker x3  
  117  7:43  Pylon  
  105  7:52  Warp Prism  
  105  7:57  Adept x8  
  83  8:21  Adept  
  83  8:22  Adept x7  
  83  8:26  Assimilator  
  101  8:29  Assimilator  
  99  8:42  Adept  
  99  8:43  Adept x2  
  85  8:57  Adept  
  85  8:58  Adept x4  
Tags
 
Add a new tag
Caveats
  • Supply blocks, unpowered buildings, or Contaminate may cause inaccurate times.
  • Supply counts are checked every 10 seconds.